 Dungeon Crawl Stone Soup version 0.24.0-37-gcf1ca852f1 (webtiles) character file.

Game seed: 9344955199028567824, levelgen mode: deterministic

140 H0rd4k the Magician (level 5, -4/28 HPs)
             Began as a Deep Elf Wizard on Nov 26, 2019.
             Slain by Ijyb
             ... wielding a +0 club
              (7 damage)
             ... on level 3 of the Dungeon.
             The game lasted 00:04:51 (2320 turns).

H0rd4k the Magician (Deep Elf Wizard)               Turns: 2320, Time: 00:04:52

Health: -4/28      AC:  2    Str:  4    XL:     5   Next: 2%
Magic:  0/15       EV: 13    Int: 24    God:
Gold:   125        SH:  0    Dex: 13    Spells: 1/16 levels left

rFire    . . .     SeeInvis .   (no weapon)
rCold    . . .     Gourm    .   (no shield)
rNeg     . . .     Faith    .   a - +0 robe
rPois    .         Spirit   .   b - +0 hat
rElec    .         Reflect  .   (no cloak)
rCorr    .         Harm     .   (no gloves)
MR       .....                  (no boots)
Stlth    ++........             (no amulet)
HPRegen  0.09/turn              (no ring)
MPRegen  0.14/turn              (no ring)

@: very slightly contaminated
A: no striking features
a: no special abilities


You were on level 3 of the Dungeon.
You were not hungry.

You visited 1 branch of the dungeon, and saw 3 of its levels.

You collected 125 gold pieces.

Inventory:

Hand Weapons
 h - a +2 dagger of venom
Armour
 a - a +0 robe (worn)
 b - a +0 hat (worn)
Jewellery
 i - an uncursed ring of poison resistance {unknown}
 r - an uncursed ring of see invisible {unknown}
Wands
 p - a wand of enslavement (9)
Scrolls
 c - a scroll of amnesia {unknown}
 e - 4 scrolls of remove curse {unknown}
 f - 2 scrolls of random uselessness {unknown}
 j - a scroll of teleportation {unknown}
 k - a scroll of blinking {unknown}
 l - 3 scrolls of identify {unknown}
 m - 2 scrolls of noise {unknown}
 o - a scroll of immolation {unknown}
Potions
 g - 2 potions of curing {unknown}
 n - a potion of heal wounds {unknown}
 q - a potion of flight {unknown}
Comestibles
 d - 3 rations


   Skills:
 + Level 0.2 Fighting
 + Level 3.0 Dodging
 + Level 2.8 Stealth
 + Level 6.3 Spellcasting
 + Level 3.1 Conjurations
   Level 1.1 Summonings
 + Level 1.1 Translocations


You had one spell level left.
You knew the following spells:

 Your Spells              Type           Power        Failure   Level  Hunger
a - Magic Dart            Conj           ###.         1%          1    None
b - Blink                 Tloc           N/A          8%          2    None
c - Conjure Flame         Conj/Fire      ###.....     12%         3    None
d - Mephitic Cloud        Conj/Pois/Air  ##......     16%         3    None
e - Tukima's Dance        Hex            #.......     24%         3    None
f - Gell's Gravitas       Tloc           ##........   14%         3    None

Your spell library contained the following spells:

 Spells                   Type           Power        Failure   Level  Hunger
 Confusing Touch          Hex            #.....       8%          1    None
 Corona                   Hex            #......      8%          1    None
 Call Imp                 Summ           ##......     8%          2    None
 Ensorcelled Hibernation  Hex/Ice        #.....       12%         2    None
 Slow                     Hex            #.......     12%         2    None
 Dazzling Spray           Conj/Hex       ###...       12%         3    None
 Confuse                  Hex            #.......     24%         3    None
 Petrify                  Tmut/Erth      #.......     61%         4    ###....
 Metabolic Englaciation   Hex/Ice        #.........   91%         5    #####..
 Yara's Violent Unravell  Hex/Tmut       #.........   91%         5    #####..


Dungeon Overview and Level Annotations

Branches:
Dungeon (3/15)

Altars:
Qazlal
Wu Jian
Zin

Annotations:
D:2 exclusions: downstairs and 1 more exclusion
D:3 Ijyb


Message History

Confirm with . or Enter, or press ? or * to list all spells.
You blink.
Casting: Blink (safe; 8% risk of failure)
Confirm with . or Enter, or press ? or * to list all spells.
Aiming: Magic Dart (safe; 1% risk of failure)
Press: ? - help, Shift-Dir - straight line, f/p - Ijyb
Aim: Ijyb, wielding a +0 club, wearing a +0 leather armour and carrying a wand of digging (4) (almost dead, berserk, fast, unusually strong)
The magic dart hits Ijyb but does no damage.
Ijyb is almost dead.
Ijyb rages.
Casting: Magic Dart (safe; 1% risk of failure)
Confirm with . or Enter, or press ? or * to list all spells.
You blink.
Ijyb hits you with a +0 club.
* * * LOW HITPOINT WARNING * * *
Evoke which item? (* to show all) (? for menu, Esc to quit)
Aiming: Enslavement
Press: ? - help, Shift-Dir - straight line, f/p - Ijyb
Aim: Ijyb, wielding a +0 club, wearing a +0 leather armour and carrying a wand of digging (4) (almost dead, berserk, fast, unusually strong, chance to defeat MR: 54%) Ijyb resists with significant effort.
Ijyb hits you with a +0 club!
You die...

....# ....# ....#
###### ....# #....#
....# #....# ....#
###....# #..###
#......# #....#
.#...ยง# #.##.##
##.##.@g.#
#.##..####...##....#
#. #.......# ###.##
##...#...### #.#
...#####.## #.# ##.
#..## #.# ## ##..#
#.# ##.# #.# ....
#.#### #.#


You could see Ijyb (berserk).

Vanquished Creatures
  4 gnolls
  3 adders
  An ooze (D:3)
  A worm (D:3)
  3 dart slugs
  An orc (D:3)
  5 giant cockroaches
  5 goblins
  6 hobgoblins
  7 jackals
  6 kobolds
  2 quokkas
  5 bats
  7 frilled lizards
  5 rats
61 creatures vanquished.

Notes
Turn   | Place    | Note
-------+----------+-------------------------------------------
     0 | D:1      | H0rd4k the Deep Elf Wizard began the quest for the Orb.
     0 | D:1      | Reached XP level 1. HP: 10/10 MP: 7/7
   225 | D:1      | Reached XP level 2. HP: 15/15 MP: 5/9
   354 | D:1      | Reached skill level 5 in Spellcasting
   798 | D:2      | Reached XP level 3. HP: 19/19 MP: 3/11
  1128 | D:2      | Learned a level 2 spell: Blink
  1132 | D:2      | Learned a level 3 spell: Conjure Flame
  1136 | D:2      | Learned a level 3 spell: Mephitic Cloud
  1214 | D:2      | Reached XP level 4. HP: 24/24 MP: 9/13
  1677 | D:2      | Found a faded altar of an unknown god.
  1765 | D:3      | Reached skill level 6 in Spellcasting
  1823 | D:3      | Found a glowing silver altar of Zin.
  1824 | D:3      | Found a stormy altar of Qazlal.
  1824 | D:3      | Found an ornate altar of the Wu Jian Council.
  1990 | D:3      | Learned a level 3 spell: Tukima's Dance
  2217 | D:3      | Reached XP level 5. HP: 28/28 MP: 7/15
  2254 | D:3      | Learned a level 3 spell: Gell's Gravitas
  2305 | D:3      | Noticed Ijyb
  2320 | D:3      | Slain by Ijyb

Levels and vault maps discovered:
D:1:      mrwooster_arrival_statue_2, layout_loops_ring, minmay_pentomino_s2
D:2:      layout_loops_ring, chequers_ecumenical_altar_lobes, first_ration,
          solitary_fountain, minmay_misc_feat_roman
D:3:      layout_rooms, gammafunk_temple_overflow_forgotten, minmay_circle_x,
          uniq_ijyb

Skill      XL: |  1  2  3  4 |
---------------+-------------+-----
Spellcasting   | 5 6 |  6.3
Conjurations   | 2 3 |  3.1
Dodging        | 3 |  3.0
Fighting       | |  0.2
Stealth        | |  2.8
Summonings     | |  1.1
Translocations | |  1.1

Action                   |  1- 3 |  4- 6 || total
-------------------------+-------+-------++-------
 Cast: Magic Dart        |    77 |   105 ||   182
       Conjure Flame     |       |     1 ||     1
       Blink             |       |     2 ||     2
Evoke: Wand              |       |     1 ||     1
  Eat: Chunk             |     1 |     3 ||     4
Armor: Robe              |     4 |     3 ||     7
Dodge: Dodged            |     9 |    26 ||    35
